 Dungeon Crawl Stone Soup version 0.17.0-28-g6e173f8 (console) character file.

4344 Kloppie the Cleaver (level 10, -2/93 HPs)
             Began as a Minotaur Fighter on Nov 23, 2015.
             Was a Believer of Makhleb.
             Slain by a killer bee (6 damage)
             ... on level 9 of the Dungeon.
             The game lasted 00:09:51 (7277 turns).

Kloppie the Cleaver (Minotaur Fighter)              Turns: 7277, Time: 00:09:51

Health: -2/93      AC: 16    Str: 21    XL:     10   Next: 12%
Magic:  9/9        EV:  6    Int:  5    God:    Makhleb [**....]
Gold:   351        SH:  9    Dex: 13    Spells: 0 memorised, 9 levels left

rFire  . . .     SeeInvis .     a - +1 war axe
rCold  . . .     Clarity  .     j - +0 chain mail
rNeg   . . .     SustAt   +     c - +0 shield
rPois  .         Gourm    .     (helmet restricted)
rElec  .         Spirit   .     t - +0 cloak
rCorr  .         Warding  .     d - +1 pair of gloves
rMut   +         Stasis   .     o - +0 pair of boots
MR     .....                    K - amulet of resist mutation
Stlth  ..........               H - ring of invisibility
                                g - ring of sustain attributes

@: lethally poisoned (-2 -> -11), not resistant to hostile enchantments,
extremely unstealthy
A: retaliatory headbutt, horns 2
a: Minor Destruction, Renounce Religion, Evoke Invisibility


You were on level 9 of the Dungeon.
You worshipped Makhleb.
Makhleb was pleased with you.
You were not hungry.

You visited 2 branches of the dungeon, and saw 10 of its levels.

You collected 351 gold pieces.

Inventory:

Hand Weapons
 a - a +1 war axe (weapon)
 b - a +0 hand axe of flaming
Armour
 c - a +0 shield (worn)
 d - a +1 pair of gloves (worn)
 j - a +0 chain mail (worn)
 o - a +0 pair of boots (worn)
 t - a +0 cloak (worn)
 A - a +0 scale mail
Jewellery
 g - a ring of sustain attributes (left hand)
 z - an uncursed ring of fire
 H - a ring of invisibility (right hand)
 K - an amulet of resist mutation (around neck)
Wands
 s - a wand of disintegration (12)
 u - a wand of disintegration (24)
 L - a wand of teleportation (5)
Scrolls
 k - 2 scrolls of fear
 n - a scroll of noise {unknown}
 p - 2 scrolls of teleportation
 q - a scroll of recharging
 y - a scroll of identify
 D - a scroll of enchant armour
 I - a scroll of enchant weapon
 J - a scroll of random uselessness {unknown}
 M - a scroll of vulnerability {unknown}
 N - a scroll of fog
Potions
 l - a potion of mutation
 m - 2 potions of lignification
 v - a potion of cancellation
 w - 2 potions of flight
 x - a potion of haste
 B - a potion of curing {unknown}
 C - a potion of poison {unknown}
 E - a potion of beneficial mutation {unknown}
Books
 i - a book of Ice

   Spells                             Type                      Level
   a - Ice Form                       Ice/Transmutation            4
   b - Metabolic Englaciation         Hexes/Ice                    5
   c - Ozocubu's Refrigeration        Ice                          6
   d - Bolt of Cold                   Conjuration/Ice              6
   e - Freezing Cloud                 Conjuration/Ice/Air          6
   f - Simulacrum                     Ice/Necromancy               6
 G - a book of Envenomations

   Spells                             Type                      Level
   a - Spider Form                    Transmutation/Poison         3
   b - Alistair's Intoxication        Transmutation/Poison         4
   c - Olgreb's Toxic Radiance        Poison                       4
   d - Poisonous Cloud                Conjuration/Poison/Air       6
Comestibles
 e - 8 bread rations
 f - 11 meat rations
 h - 2 fruits
 r - 4 beef jerkies
 F - 7 slices of pizza
 O - 6 chunks of flesh


   Skills:
 - Level 10.2 Fighting
 + Level 12.0 Axes
 + Level 9.4 Armour
 - Level 3.6 Shields


You had 9 spell levels left.
You didn't know any spells.

Dungeon Overview and Level Annotations

Branches:
Dungeon (9/15)             Temple (1/1) D:5
   Lair: D:8-11         Orc: D:9-12

Altars:
Ashenzari
Cheibriados
Dithmenos
Elyvilon
Fedhas
Gozag
Kikubaaqudgha
Makhleb
Nemelex Xobeh
Okawaru
Qazlal
Ru
Sif Muna
Trog
Vehumet
Xom
Yredelemnul
Zin
The Shining One

Shops:
D:5 }   D:6 *   D:7 (


Innate Abilities, Weirdness & Mutations

You reflexively headbutt those who attack you in melee.
You have a pair of horns on your head.


Message History

You feel sick. The killer bee stings you.
* * * LOW HITPOINT WARNING * * *
You block the killer bee's attack.
You slash the killer bee!
The killer bee is almost dead.
* * * LOW HITPOINT WARNING * * *
You feel sick.
The killer bee stings you but does no damage.
You miss the killer bee.
The killer bee is almost dead.
* * * LOW HITPOINT WARNING * * *
You feel sick.
The killer bee stings you but does no damage.
The killer bee stings you.
* * * LOW HITPOINT WARNING * * *
You miss the killer bee.
The killer bee is almost dead.
* * * LOW HITPOINT WARNING * * *
You feel sick. The killer bee stings you.
You die...

#..............#
#..............#
#..............#
#..............
#...........# ..
#...........########.#
###...##...#.........#
. #..
#...#.........#.. +.
+...y@........... #
#...#.......).#
#...#.........# ...#
#...#.(..)....# ...#
#####.........# (..#
####.........# ...#
#............# ...# #
. #............# ...#
.#.. #....#######..+


You could see a killer bee.

Vanquished Creatures
  The ghost of Dickchan the Basher, a novice MiBe of Trog (D:6)
  A troll (D:9)
  The ghost of Rationalist the Shield-Bearer, an amateur FoFi of Qazlal (D:3)
  4 yaks (D:9)
  A wyvern (D:9)
  A human (D:7)
  Edmund (D:5)
  2 water moccasins
  2 orc warriors
  An ice beast (D:5)
  A phantom (D:4)
  2 centaurs (D:5)
  5 ogres
  3 giant frogs
  2 scorpions
  4 killer bees (D:9)
  2 crimson imps
  A giant frog zombie (D:5)
  5 orc priests
  A centaur skeleton (D:4)
  A giant frog skeleton (D:5)
  5 hounds
  2 orc wizards (D:5)
  An iguana (D:5)
  4 worker ants
  4 sheep (D:7)
  A hound skeleton (D:4)
  Robin (D:2)
  5 adders
  3 shadow imps
  An ooze (D:2)
  2 adder skeletons
  4 giant geckos
  11 orcs
  5 bats
  14 goblins
  8 hobgoblins
  2 ball pythons
  10 giant cockroaches
  A giant gecko skeleton (D:5)
  A giant gecko zombie (D:5)
  3 giant newts
  11 jackals
  14 kobolds
  5 rats
160 creatures vanquished.

Notes
Turn   | Place    | Note
--------------------------------------------------------------
     0 | D:1      | Kloppie the Minotaur Fighter began the quest for the Orb.
     0 | D:1      | Reached XP level 1. HP: 19/19 MP: 0/0
   148 | D:1      | Reached skill level 4 in Fighting
   209 | D:1      | Reached XP level 2. HP: 24/27 MP: 1/1
  1022 | D:2      | Reached XP level 3. HP: 23/34 MP: 2/2
  1176 | D:2      | Noticed Robin
  1187 | D:2      | Reached skill level 5 in Fighting
  1300 | D:2      | Killed Robin
  1485 | D:2      | Reached XP level 4. HP: 42/42 MP: 3/3
  1694 | D:3      | Noticed Rationalist's ghost (amateur FoFi)
  1714 | D:3      | Killed Rationalist's ghost
  1714 | D:3      | Reached skill level 6 in Fighting
  1714 | D:3      | Reached skill level 5 in Axes
  1714 | D:3      | Reached XP level 5. HP: 15/51 MP: 4/4
  1714 | D:3      | Reached XP level 6. HP: 17/58 MP: 5/5
  2424 | D:4      | Reached skill level 7 in Fighting
  2554 | D:4      | Reached XP level 7. HP: 29/66 MP: 6/6
  2848 | D:4      | Reached skill level 8 in Fighting
  2984 | D:5      | Entered Level 5 of the Dungeon
  3161 | D:5      | Found a bloodstained altar of Trog.
  3420 | D:5      | Found a staircase to the Ecumenical Temple.
  3425 | Temple   | Entered the Ecumenical Temple
  3516 | Temple   | Became a worshipper of Makhleb the Destroyer
  3760 | D:5      | Found Ufomuc's Gadget Emporium.
  3818 | D:5      | Reached skill level 9 in Fighting
  3818 | D:5      | Reached XP level 8. HP: 61/78 MP: 7/7
  4514 | D:6      | Noticed Dickchan's ghost (novice MiBe)
  4687 | D:6      | Noticed Edmund
  4886 | D:5      | Killed Edmund
  4886 | D:5      | Reached skill level 10 in Fighting
  4998 | D:6      | Reached * piety under Makhleb
  5109 | D:6      | Killed Dickchan's ghost
  5109 | D:6      | Reached skill level 5 in Armour
  5109 | D:6      | Reached XP level 9. HP: 66/85 MP: 8/8
  5125 | D:6      | Found Xediem Xont's General Store.
  5256 | D:6      | Reached skill level 10 in Axes
  5677 | D:7      | Found Widd's Weapon Boutique.
  5899 | D:7      | Found a sparkling altar of Nemelex Xobeh.
  6644 | D:8      | Reached skill level 11 in Axes
  7086 | D:9      | Reached ** piety under Makhleb
  7167 | D:9      | Reached XP level 10. HP: 74/93 MP: 9/9
  7263 | D:9      | Reached skill level 12 in Axes
  7277 | D:9      | HP: 4/93 [poisoned by a killer bee]
  7277 | D:9      | Slain by a killer bee

Action                   |  1- 3 |  4- 6 |  7- 9 | 10-12 || total
-------------------------+-------+-------+-------+-------++-------
Melee: War axe           |    97 |    85 |   249 |    46 ||   477
  Use: Potion            |       |     1 |       |       ||     1
       Scroll            |       |       |    15 |       ||    15
  Eat: Chunk             |     2 |     3 |    12 |     2 ||    19
       Pizza             |       |       |     1 |       ||     1
